 Dungeon Crawl Stone Soup version 0.30.0-19-g36f170ea60 (webtiles) character file.

Game seed: 3786289605671228495

51 CaptainMV the Sneak (level 3, 0/26 HPs)
             Began as a Draconian Wanderer on May 31, 2023.
             Slain by an orc
             ... wielding a +0 club
              (3 damage)
             ... on level 3 of the Dungeon.
             The game lasted 00:14:44 (1698 turns).

CaptainMV the Sneak (Draconian Wanderer)            Turns: 1698, Time: 00:14:45

Health: 0/26       AC:  6    Str: 10    XL:     3   Next: 57%
Magic:  1/5        EV: 11    Int: 14    God:
Gold:   92         SH:  4    Dex: 14    Spells: 3/4 levels left

rFire   . . .        a - +3 dagger (elec)
rCold   . . .        c - +0 buckler
rNeg    . . .        (body armour unavailable)
rPois   .            (helmet restricted)
rElec   .            (no cloak)
rCorr   .            e - +0 pair of gloves
SInv    .            (no boots)
Will    .....        (no amulet)
Stlth   ++           (no ring)
HPRegen 0.24/turn    (no ring)
MPRegen 0.09/turn

%: no passive effects
@: no status effects
A: AC +5, unfitting armour, cold-blooded
a: no special abilities


You were on level 3 of the Dungeon.
You visited 1 branch of the dungeon, and saw 3 of its levels.

You collected 92 gold pieces.

Inventory:

Hand Weapons
 a - a +3 dagger of electrocution (weapon)
Missiles
 g - 2 atropa-tipped darts (quivered)
 k - 5 poisoned darts
Armour
 c - a +0 buckler (worn)
 e - a +0 pair of gloves (worn)
Jewellery
 j - a ring of resist corrosion
 l - a +6 ring of strength
 n - a +6 ring of strength
Scrolls
 d - a scroll of fog
 h - 3 scrolls of enchant weapon
 m - a scroll of brand weapon
 o - a scroll of butterflies {unknown}
Potions
 b - 2 potions of heal wounds
 f - 2 potions of mutation {unknown}
 i - a potion of lignification {unknown}


   Skills:
 + Level 0.1 Fighting
 + Level 0.1 Short Blades
 + Level 1.4 Dodging
 + Level 3.5 Stealth
 + Level 2.1 Shields
 + Level 1.3 Spellcasting
 + Level 2.6 Ice Magic
 + Level 1.0 Invocations


You had 3 spell levels left.
You knew the following spells:

 Your Spells              Type           Power      Damage    Failure   Level
a - Freeze                Ice            32%        1d5       13%         1

Your spell library contained the following spells:

 Spells                   Type           Power      Damage    Failure   Level
 Ozocubu's Armour         Ice            8%         N/A       36%         3


Dungeon Overview and Level Annotations

Branches:
Dungeon (3/15)

Altars:
Qazlal


Innate Abilities, Weirdness & Mutations

Your plain brown scales are hard. (AC +5)
You cannot fit into any form of body armour.
You are cold-blooded and may be slowed by cold attacks.


Message History

Aim: an orc, wielding a +0 trident and wearing a +0 ring mail You freeze the orc.
The orc is heavily wounded.
An orc comes into view. It is wielding a +0 club.
You block the orc's attack.
The orc shouts!
You hit the orc but do no damage.
The orc is heavily wounded.
The orc closely misses you.
You hit the orc but do no damage.
The orc is heavily wounded.
The orc closely misses you.
You barely miss the orc.
The orc is heavily wounded.
The orc closely misses you.
You hit the orc but do no damage.
The orc is heavily wounded.
The orc hits you with a +0 trident. The orc hits you with a +0 club.
You hit the orc but do no damage.
The orc is heavily wounded.
The orc hits you but does no damage. The orc barely misses you.
You closely miss the orc.
The orc is heavily wounded.
The orc closely misses you. The orc hits you with a +0 trident!
* * * LOW HITPOINT WARNING * * *
You hit the orc but do no damage.
You tail-slap the orc, but do no damage.
The orc is heavily wounded.
The orc hits you but does no damage. You block the orc's attack.
You closely miss the orc.
You tail-slap the orc, but do no damage.
The orc is heavily wounded.
The orc hits you but does no damage. The orc closely misses you.
You barely miss the orc.
The orc is heavily wounded.
The orc hits you but does no damage. x2
You closely miss the orc.
The orc is heavily wounded.
The orc hits you with a +0 club.
You die...

### #.. # #.# #.
#.######. #.#
####oo.$....
#..###..)@.###!..
##....(.)......#
#...##...#####...
#.#......# #
##.#.....##
#.>#.....#
#######.##.....#
#..........###.#
.####..#### #..#


You could see 2 orcs.

Vanquished Creatures
  An adder (D:2)
  A worm (D:2)
  A dart slug (D:1)
  2 orcs (D:3)
  5 endoplasms
  A giant cockroach (D:2)
  2 goblins (D:1)
  4 hobgoblins
  4 kobolds
  2 quokkas
  3 ball pythons
  2 bats (D:2)
  A frilled lizard (D:1)
  3 rats (D:1)
32 creatures vanquished.

Notes
Turn   | Place    | Note
-------+----------+-------------------------------------------
     0 | D:1      | CaptainMV the Draconian Wanderer began the quest for the
                  | Orb.
     0 | D:1      | CaptainMV set off with the following items: a +2 dagger, a
                  | potion of heal wounds, a +0 buckler, a scroll of fog; and
                  | the following spell memorised: Freeze; and the following
                  | spells available to memorise: Ozocubu's Armour.
     0 | D:1      | Reached XP level 1. HP: 14/14 MP: 2/2
   218 | D:1      | Reached skill level 3 in Stealth
   291 | D:1      | Reached XP level 2. HP: 17/20 MP: 0/3
  1315 | D:2      | Found a faded altar of an unknown god.
  1345 | D:2      | Reached XP level 3. HP: 26/26 MP: 4/4
  1494 | D:2      | Found a stormy altar of Qazlal.
  1664 | D:2      | You fall into a shaft and drop 1 floor!
  1698 | D:3      | Slain by an orc

Illustrated notes

Levels and vault maps discovered:
D:1:      minmay_arrival_cross, layout_basic, minmay_misc_feat_iff, minivault_14
D:2:      layout_loops_ring, dreamdust_ecumenical_altar_angels_and_demons,
          basic_altar, minmay_cupped
D:3:      kennysheep_big_flooded_room, layout_rooms, portal_sewer_entry_b,
          serial_shops, shop, saegor_snake_ambush, uniq_crazy_yiuf_cottage

Skill      XL: |  1 |
---------------+----+-----
Stealth        | 3 |  3.5
Fighting       | |  0.1
Short Blades   | |  0.1
Dodging        | |  1.4
Shields        | |  2.1
Spellcasting   | |  1.3
Ice Magic      | |  2.6
Invocations    | |  1.0

Action                     || total
---------------------------++-------
  Melee: Dagger            ||    61
         Tailslap          ||     6
   Cast: Freeze            ||    26
    Use: Scroll            ||     4
   Stab: Sleeping          ||     9
 Armour: Skin              ||    30
  Dodge: Dodged            ||    44
  Block: Buckler           ||    18
